 Dungeon Sprint DCSS version 0.26.1-11-gd32895ea62 (webtiles) character file.

Game seed: 11344458265512102999

20 wazuzu the Shield-Bearer (level 2, -4/17 HPs)
             Began as a Vine Stalker Fighter on July 20, 2021.
             Was an Initiate of Ru.
             Slain by a skeletal warrior
             ... wielding a +0 short sword
              (11 damage)
             ... in the Dungeon (Sprint V: "Ziggurat Sprint").
             The game lasted 00:02:30 (84 turns).

wazuzu the Shield-Bearer (Vine Stalker Fighter)       Turns: 84, Time: 00:02:30

Health: -4/17      AC: 14    Str: 18    XL:     2   Next: 79%
Magic:  0/6        EV:  8    Int:  8    God:    Ru [......]
Gold:   0          SH: 12    Dex: 13    Spells: 6/6 levels left

rFire    + + .     SeeInvis .   F - +6 shillelagh "Devastator" {shatter}
rCold    x . .     Faith    .   a - +3 kite shield
rNeg     . . .     Spirit   +   j - +5 fire dragon scales
rPois    .         Reflect  .   (no helmet)
rElec    .         Harm     .   (no cloak)
rCorr    .         Rampage  .   (no gloves)
Will     .....     NoTele   +   (no boots)
Stlth    ..........             (no amulet)
HPRegen  0.05/turn              (no ring)
MPRegen  0.10/turn              (no ring)

@: no status effects
A: fangs 2, magic shield, antimagic bite, no potion heal 3
a: Renounce Religion


You were in the Dungeon.
You worshipped Ru.
Ru was noncommittal.
You visited 1 branch

Inventory:

Hand Weapons
 l - a +5 demon whip
 F - the +6 shillelagh "Devastator" (weapon) {shatter}
   (You found it in the Dungeon)
Armour
 a - a +3 kite shield (worn)
 b - a +3 tower shield
 j - +5 fire dragon scales (worn)
 k - +5 gold dragon scales
Jewellery
 y - an uncursed ring of flight
 z - a +6 ring of dexterity
 A - a +6 ring of dexterity
 B - a +6 ring of intelligence
 C - a +6 ring of intelligence
 D - a +6 ring of strength
 E - a +6 ring of strength
Wands
 v - a wand of disintegration (7)
 w - a wand of iceblast (7)
 x - a wand of acid (7)
Scrolls
 i - 4 scrolls of blinking
 m - 4 scrolls of amnesia
 n - 7 scrolls of fog
 o - a scroll of holy word
 p - 5 scrolls of identify
 q - 5 scrolls of remove curse
 r - 2 scrolls of fear
Potions
 d - 6 potions of might
 e - 10 potions of curing
 f - 6 potions of haste
 g - 7 potions of magic
 h - 3 potions of berserk rage
 s - 2 potions of brilliance
 t - 2 potions of invisibility
 u - 4 potions of resistance


   Skills:
 + Level 4.0 Fighting
 + Level 3.2 Maces & Flails
 + Level 3.7 Armour
 + Level 2.1 Dodging
 + Level 4.0 Shields
 + Level 2.9 Spellcasting


You had 6 spell levels left.
You didn't know any spells.
Your spell library was empty.

Dungeon Overview and Level Annotations

Branches:
Dungeon (1/1)

Altars:
Ashenzari
Cheibriados
Dithmenos
Elyvilon
Fedhas
Gozag
Hepliaklqana
Kikubaaqudgha
Makhleb
Nemelex Xobeh
Okawaru
Qazlal
Ru
Sif Muna
Trog
Uskayaw
Vehumet
Wu Jian
Xom
Yredelemnul
Zin
The Shining One
Beogh
Jiyva
Lugonu

Annotations:
D 1 transporter


Innate Abilities, Weirdness & Mutations

You have extremely sharp teeth.
When hurt, damage is shared between your health and your magic reserves.
Your bite disrupts and absorbs the magic of your enemies.
Potions cannot restore your health.


Message History

You hit the skeletal warrior.
The skeletal warrior and the acid dragon shudder.
The skeletal warrior is moderately damaged.
The acid dragon is lightly wounded.
The skeletal warrior is moderately damaged.
The acid dragon bites you but does no damage.
The acid dragon claws you but does no damage.
You block the skeletal warrior's attack.
You block the freezing wraith's attack.
The freezing wraith hits you but does no damage.
You hit the skeletal warrior.
The skeletal warrior and the acid dragon shudder.
The skeletal warrior is severely damaged.
The acid dragon is moderately wounded.
The freezing wraith is lightly damaged.
You bite the skeletal warrior, but do no damage.
The skeletal warrior is severely damaged.
The skeletal warrior hits you with a +0 short sword!
Ouch! That really hurt!
You die...

▓▓▓▓▓▓▓▓▓▓▓▓▓
▓.8©8.▓.8©8.▓
▓.":).▓.....▓
▓.....▓.[.).▓
▓.....▓.....▓
▓.....▓.....▓
▓DzW..▓..©..▓
▓.@©..▓▓▓▓▓▓▓
▓▓▓▓▓▓▓


You could see a skeletal warrior, a freezing wraith and an acid dragon.

Vanquished Creatures
  A mummy (D)
  A leopard gecko zombie (D)
2 creatures vanquished.

Notes
Turn   | Place    | Note
-------+----------+-------------------------------------------
     0 | D        | wazuzu the Vine Stalker Fighter began the quest for the
                  | Orb.
     0 | D        | Reached XP level 1. HP: 11/11 MP: 2/2
    15 | D        | Found a blossoming altar of Fedhas.
    16 | D        | Found the +6 Majin-Bo {vamp, MP+6 Int+6}
    16 | D        | Found the +9 heavy crossbow "Sniper" {vorpal, Acc+∞ SInv}
    16 | D        | Found the +10 dark maul {vorpal}
    16 | D        | Found the +15 Maxwell's patent armour {-Cast -Tele rElec
                  | Will+ rCorr}
    16 | D        | Found the +18 shield of the Gong {rElec rN+ Will+ EV-5}
    16 | D        | Found the cursed +14 obsidian axe {vorpal, +Fly SInv
                  | *Curse}
    16 | D        | Found the +7 great mace "Firestarter" {inner flame, rF++}
    16 | D        | Found the +6 shillelagh "Devastator" {shatter}
    16 | D        | Found the +11 plutonium sword {*Contam Stlth-}
    16 | D        | Found the +8 lance "Wyrmbane" {slay drac, rPois rF+ rC+
                  | AC+3}
    16 | D        | Found the +9 sword of Zonguldrok {reap}
    16 | D        | Found the cursed +13 scythe of Curses {drain, *Curse}
    16 | D        | Found the +5 sword of Power {vorpal}
    16 | D        | Found the +7 mace of Variability {chain chaos}
    16 | D        | Found the +7 Singing Sword {vorpal, sonic wave}
    16 | D        | Found the +8 storm bow {elec, penet}
    17 | D        | Found a viscous altar of Jiyva.
    17 | D        | Found a hazy altar of Hepliaklqana.
    17 | D        | Found a transporter.
    17 | D        | Found an opulent altar of Gozag.
    17 | D        | Found an ancient bone altar of Kikubaaqudgha.
    17 | D        | Found a corrupted altar of Lugonu.
    23 | D        | Found a burning altar of Makhleb.
    24 | D        | Found a sacrificial altar of Ru.
    24 | D        | Found a shimmering blue altar of Sif Muna.
    24 | D        | Found a stormy altar of Qazlal.
    24 | D        | Found a bloodstained altar of Trog.
    24 | D        | Found an iron altar of Okawaru.
    24 | D        | Found a sparkling altar of Nemelex Xobeh.
    28 | D        | Reached XP level 2. HP: 17/17 MP: 2/6
    61 | D        | Became a worshipper of Ru the Awakened
    70 | D        | Entered arena 2.
    70 | D        | Found a transporter.
    79 | D        | Entered arena 3.
    79 | D        | Noticed an acid dragon
    79 | D        | Noticed a skeletal warrior
    79 | D        | Noticed a freezing wraith
    79 | D        | Found a transporter.
    84 | D        | Slain by a skeletal warrior

Illustrated notes

Levels and vault maps discovered:
D:        sprint_v [room_start, room_1, room_2, room_3, room_4, room_5, room_6,
          room_7, room_8, room_9, room_10, room_11, room_12, room_13, room_14,
          room_15, room_16, room_17, room_18, room_19, room_20, room_21,
          room_22, room_23, room_24, room_25, room_26, room_27]

Skill      XL: |  1  2 |
---------------+-------+-----
Fighting       | 3 4 |  4.0
Maces & Flails | 3 |  3.2
Armour         | 3 |  3.7
Dodging        | 2 |  2.1
Shields        | 3 4 |  4.0
Spellcasting   | 2 |  2.9

Action                   || total
-------------------------++-------
Melee: Shillelagh        ||     5
       Bite              ||     2
  Use: Potion            ||     1
Armor: Fire dragon scale ||     4
Dodge: Dodged            ||     1
Block: Kite shield       ||     3
